 Seeded DCSS version 0.29.1-1-gd02db6906a (webtiles) character file.

Game seed: 9708579739092153053 (custom seed)

369 GigaChad the Fighter (level 6, -23/62 HPs)
             Began as a Minotaur Fighter on Sept 16, 2022.
             Annihilated by a large abomination (28 damage)
             ... on level 1 of the Abyss.
             The game lasted 00:10:04 (2249 turns).

GigaChad the Fighter (Minotaur Fighter)             Turns: 2249, Time: 00:10:04

Health: -23/62     AC: 13    Str: 27    XL:     6   Next: 41%
Magic:  14/14      EV:  6    Int:  5    God:
Gold:   142        SH:  6    Dex: 10    Spells: 5/5 levels left

rFire   + . .      SeeInvis .   i - +7 mace of the Maze {spect, rPois Will+ Str+2}
rCold   + . .      Faith    .   p - +2 buckler of Nihilism {MP+9 Stlth+}
rNeg    . . .      Spirit   .   k - +0 plate armour
rPois   +          Reflect  .   (helmet restricted)
rElec   .          Harm     .   (no cloak)
rCorr   .          Rampage  .   n - +1 pair of gloves {Str+3}
Will    ++...                   (no boots)
Stlth   ..........              (no amulet)
HPRegen 0.20/turn               o - ring "Xesyt" {+Blink Fly rF+ rC+ Will+}
MPRegen 0.14/turn               (no ring)

@: about to teleport, flying
A: horns 2, retaliatory headbutt
a: Evoke Blink


You were on level 1 of the Abyss.
You visited 1 branch of the dungeon, and saw 4 of its levels.
You visited the Abyss 1 time.

You collected 142 gold pieces.

Inventory:

Hand Weapons
 a - a +0 long sword
 i - the +7 mace of the Maze (weapon) {spect, rPois Will+ Str+2}
   (You found it on level 2 of the Dungeon)

   When its wielder attacks, the weapon's spirit leaps out and strikes again.
   The spirit shares a part of any damage it takes with its wielder.
   Str:       It affects your strength (+2).
   rPois:     It protects you from poison.
   Will:      It increases your willpower.
Armour
 b - a +0 scale mail
 c - a +0 buckler
 k - a +0 plate armour (worn)
 n - a +1 pair of gloves of strength (worn)
 p - the +2 buckler of Nihilism (worn) {MP+9 Stlth+}
   (You acquired it on level 3 of the Dungeon)

   MP:        It affects your magic capacity (+9).
   Stlth:     It makes you more stealthy.
Jewellery
 o - the ring "Xesyt" (left hand) {+Blink Fly rF+ rC+ Will+}
   (You acquired it on level 3 of the Dungeon)

   [ring of protection from cold]

   rF:        It protects you from fire.
   rC:        It protects you from cold.
   Fly:       It grants you flight.
   +Blink:    It lets you blink.
   Will:      It increases your willpower.
Wands
 s - a wand of flame (4)
Scrolls
 e - a scroll of blinking {unknown}
 j - a scroll of noise {unknown}
 l - 4 scrolls of identify {unknown}
 r - a scroll of fear {unknown}
Potions
 d - a potion of might
 f - a potion of curing {unknown}
 g - a potion of heal wounds {unknown}
 m - a potion of brilliance {unknown}
 q - a potion of haste {unknown}
 t - a potion of resistance {unknown}
 u - a potion of flight {unknown}


   Skills:
 + Level 8.6 Fighting
 - Level 2.4 Long Blades
 - Level 3.8 Armour
 - Level 3.8 Shields


You had 5 spell levels left.
You didn't know any spells.
Your spell library contained the following spells:

 Spells                   Type           Power      Damage    Failure   Level
 Necrotise                Necr           0%         1d4       100%        1
 Vampiric Draining        Necr           0%         2d6       100%        3
 Agony                    Necr           0%         N/A       100%        5


Dungeon Overview and Level Annotations

Branches:
Dungeon (4/15)
 Temple: D:4-7

Altars:


Innate Abilities, Weirdness & Mutations

You have a pair of horns on your head.
You reflexively headbutt those who attack you in melee.


Message History

Your Fighting skill increases to level 8!
You have reached level 6!
The substance of the Abyss twists violently, and a gateway leading out appears!
There is a gateway leading out of the Abyss here.
There is a gateway leading out of the Abyss here.
A large abomination comes into view.
The large abomination barely misses you.
You hit the large abomination but do no damage.
Your +7 mace of the Maze {spect, rPois Will+ Str+2} hits the large abomination but does no damage.
You block the large abomination's attack.
You hit the large abomination.
The large abomination is lightly damaged.
Your +7 mace of the Maze {spect, rPois Will+ Str+2} hits the large abomination but does no damage.
The large abomination hits you!! The large abomination hits you.
You barely miss the large abomination.
The large abomination is lightly damaged.
Your +7 mace of the Maze {spect, rPois Will+ Str+2} barely misses the large abomination.
The large abomination hits you!!
* * * LOW HITPOINT WARNING * * *
You hit the large abomination.
You headbutt the large abomination, but do no damage.
The large abomination is moderately damaged.
Your +7 mace of the Maze {spect, rPois Will+ Str+2} hits the large abomination!
The large abomination hits you!
* * * LOW HITPOINT WARNING * * *
The large abomination closely misses you.
You sock the large abomination!
The large abomination is heavily damaged.
Your +7 mace of the Maze {spect, rPois Will+ Str+2} closely misses the large abomination.
You block the large abomination's attack.
The large abomination barely misses you.
You hit the large abomination but do no damage.
The large abomination is heavily damaged.
Your +7 mace of the Maze {spect, rPois Will+ Str+2} hits the large abomination!
The large abomination hits you but does no damage.
As you read the scroll labelled VEALO BAWICOMM, it crumbles to dust.
You feel strangely unstable.
You feel the power of the Abyss delaying your translocation!
It was a scroll of teleportation.
The large abomination hits you!!
You die...

..# #.. .#.. # #.#.
.# .#.#.# ...#.#
#....# ##
......#.#...##...#..
.∩ .... . ...
.....#...# . #.
.....#.# #....#..
##.#...... ..#..§#.#
. #. .###. .#......#
# ### ##
#.##.##....#..#
.......@......#
######.§X####....
#...##..# .. ....#
.##. . ...# .. ..
#.# ##. ## .# ##


You could see a large abomination.

Vanquished Creatures
  A large abomination (Abyss:1)
  A jelly (D:4)
  An orc priest (D:3)
  A hound (D:4)
  An iguana (D:4)
  An orc wizard (D:4)
  Robin (D:4)
  4 adders
  2 worms
  A dart slug (D:4)
  7 orcs
  3 bats
  5 endoplasms
  2 giant cockroaches
  16 goblins
  6 hobgoblins
  4 jackals (D:2)
  A quokka (D:1)
  3 ball pythons
  2 frilled lizards
  4 kobolds
67 creatures vanquished.

Notes
Turn   | Place    | Note
-------+----------+-------------------------------------------
     0 | D:1      | GigaChad the Minotaur Fighter began the quest for the Orb.
     0 | D:1      | Reached XP level 1. HP: 19/19 MP: 0/0
   246 | D:1      | Reached skill level 4 in Fighting
   246 | D:1      | Reached XP level 2. HP: 27/27 MP: 1/1
   533 | D:2      | Identified the +7 mace of the Maze {spect, rPois Will+
                  | Str+2}
   921 | D:3      | Reached skill level 5 in Fighting
   921 | D:3      | Reached XP level 3. HP: 36/36 MP: 2/2
   938 | D:3      | Identified 3 scrolls of acquirement
   938 | D:3      | Acquired the ring "Xesyt" {+Blink Fly rF+ rC+ Will+}
   941 | D:3      | Acquired the +2 buckler of Nihilism {MP+9 Stlth+}
   953 | D:3      | Acquired a +1 pair of gloves of strength
  1421 | D:3      | Reached skill level 6 in Fighting
  1421 | D:3      | Reached XP level 4. HP: 36/44 MP: 3/3
  1690 | D:4      | Reached XP level 5. HP: 35/51 MP: 4/4
  1714 | D:4      | Reached skill level 7 in Fighting
  2011 | D:4      | Identified the +1 robe of Dogmatism {rPois Int+2 Dex+4
                  | Slay-2}
  2113 | D:4      | Noticed Robin
  2134 | D:4      | Killed Robin
  2192 | Abyss:1  | Cast into level 1 of the Abyss (goblin)
  2202 | Abyss:1  | Noticed a large abomination
  2209 | Abyss:1  | Killed a large abomination
  2210 | Abyss:1  | Reached skill level 8 in Fighting
  2210 | Abyss:1  | Reached XP level 6. HP: 62/62 MP: 5/5
  2240 | Abyss:1  | Noticed a large abomination
  2249 | Abyss:1  | Annihilated by a large abomination

Illustrated notes

Levels and vault maps discovered:
D:1:      matt_arrival_spirals, layout_loops_ring,
          chequers_ecumenical_altar_island, chequers_serial_rivers_room_b,
          minmay_misc_feat_nine_boxes
D:2:      layout_basic, chequers_serial_rivers_small_3
D:3:      layout_loops_ring
D:4:      layout_loops_corners, kennysheep_generic_room_5, uniq_robin
Abyss:1:  base: D:2, hangedman_abyss_or_decor_stabs,
          serial_sigils_hangedman_snap

Skill      XL: |  1  2  3  4  5 |
---------------+----------------+-----
Fighting       | 4 5 6 8 |  8.6
Long Blades    | |  2.4
Armour         | |  3.8
Shields        | |  3.8

Action                   |  1- 3 |  4- 6 || total
-------------------------+-------+-------++-------
Melee: Long sword        |    31 |       ||    31
       Headbutt          |     7 |     6 ||    13
       Mace              |    29 |    50 ||    79
  Use: Scroll            |     3 |     1 ||     4
Armor: Scale mail        |    18 |       ||    18
       Plate armour      |    11 |    43 ||    54
Dodge: Dodged            |    20 |    20 ||    40
Block: Buckler           |    18 |    25 ||    43
